[Event "Titled Tuesday Blitz July 05 Late 2022"]
[White "Horak, Martin"]
[Black "Papp, Levente"]
[WhiteFideId "367095"]
[BlackFideId "751243"]
[WhiteElo "1997"]
[BlackElo "2308"]
[Result "0-1"]
[Round "10"]
[TimeControl "180+1"]
[Date "2022.07.06"]
[WhiteClock "0:00:01"]
[BlackClock "0:00:54"]

1. e4 e6 2. Nf3 d5 3. e5 a5 4. d4 c5 5. c3 Nc6 6. Be3 a4 7. dxc5 Nge7 8. Na3 Nf5 9. Bd4 Nfxd4 10. cxd4 b6 11. Bb5 Bd7 12. O-O bxc5 13. dxc5 Qa5 14. Rc1 Be7 15. Nd4 Qc7 16. Bxc6 Bxc6 17. Nab5 Bxb5 18. Nxb5 Qxe5 19. Nd4 Qc7 20. b4 axb3 21. axb3 O-O 22. b4 Rfc8 23. Nb3 Rcb8 24. Qd2 Ra4 0-1


[Site "https://www.chess.com"]

[Event "Titled Tuesday Blitz July 05 Late 2022"]
[White "Ibarra Jerez, Jose Carlos"]
[Black "Veiga, Jose Francisco R P Neves"]
[WhiteFideId "2226332"]
[BlackFideId "1930087"]
[WhiteElo "2628"]
[BlackElo "2288"]
[Result "1-0"]
[Round "10"]
[TimeControl "180+1"]
[Date "2022.07.05"]
[WhiteClock "0:00:51"]
[BlackClock "0:00:42"]

1. b4 e5 2. Bb2 Bxb4 3. Bxe5 Nf6 4. Nf3 O-O 5. c4 Nc6 6. Bb2 Re8 7. e3 Ne4 8. Qc2 d5 9. cxd5 Qxd5 10. Bc4 Qh5 11. a3 Bf8 12. d3 Nd6 13. Ba2 Bg4 14. Nbd2 Nf5 15. O-O Bd6 16. Qc4 Re6 17. e4 Nh4 18. Nxh4 Qxh4 19. g3 Qh3 20. f4 Rh6 21. Qxf7+ Kh8 22. Qxg7# 1-0


[Site "https://www.chess.com"]

[Event "Titled Tuesday Blitz July 05 Late 2022"]
[White "Idani, Pouya"]
[Black "Bobadilla Viera, Jorge Samuel"]
[WhiteFideId "12510130"]
[BlackFideId "3906353"]
[WhiteElo "2610"]
[BlackElo "2202"]
[Result "0-1"]
[Round "10"]
[TimeControl "180+1"]
[Date "2022.07.05"]
[WhiteClock "0:00:04"]
[BlackClock "0:00:35"]

1. e4 e5 2. Nf3 Nc6 3. Bc4 Nf6 4. d3 Bc5 5. c3 a6 6. O-O d6 7. Bb3 Ba7 8. Re1 h6 9. Nbd2 g5 10. Nf1 g4 11. N3d2 h5 12. Nc4 Nh7 13. Be3 b5 14. Ncd2 Be6 15. Bxa7 Nxa7 16. Ne3 c6 17. d4 Bd7 18. Nf5 Qf6 19. Nf1 Bxf5 20. exf5 O-O 21. Ng3 exd4 22. Nxh5 Qg5 23. Ng3 dxc3 24. Ne4 Qf4 25. Nxc3 d5 26. Bc2 Nf6 27. Ne2 Qg5 28. Qd4 Nc8 29. Qc5 Kg7 30. Qxc6 Ne7 31. Qc3 Rac8 32. Qd3 Nc6 33. Nc3 Nb4 34. Qd1 Nxc2 35. Qxc2 b4 36. Qd3 bxc3 37. bxc3 Rc4 38. a4 Rh8 39. Ra3 Qh6 40. Qg3 Qf4 41. Qxf4 Rxf4 42. a5 Rc8 43. Rb3 Ra4 44. Rb6 Rxa5 45. f3 gxf3 46. g3 Rxc3 47. h3 Ra2 0-1


[Site "https://www.chess.com"]

[Event "Titled Tuesday Blitz July 05 Late 2022"]
[White "Jian, Alex"]
[Black "Shapiro, Daniel"]
[WhiteFideId "30901022"]
[BlackFideId "2001780"]
[WhiteElo "2095"]
[BlackElo "2277"]
[Result "0-1"]
[Round "10"]
[TimeControl "180+1"]
[Date "2022.07.06"]
[WhiteClock "0:00:01"]
[BlackClock "0:00:07"]

1. Nf3 c5 2. e3 Nf6 3. b3 g6 4. Bb2 Bg7 5. Be2 O-O 6. O-O b6 7. c4 Bb7 8. Nc3 d6 9. d4 Ne4 10. Nxe4 Bxe4 11. Qd2 Qc7 12. d5 Bxf3 13. Bxf3 Nd7 14. Be2 Rad8 15. f4 e6 16. Rad1 e5 17. f5 Rde8 18. e4 h5 19. Qg5 Kh7 20. Bc1 Qd8 21. Qg3 Rg8 22. fxg6+ fxg6 23. Rf7 Re7 24. Bg5 Rxf7 25. Bxd8 Rxd8 26. Rf1 Rdf8 27. Qh3 Nf6 28. Bf3 Nxe4 29. Qe6 Rf6 30. Qe7 R8f7 31. Qd8 Nd2 32. Rd1 Bh6 33. Qc8 e4 34. Be2 Be3+ 35. Kh1 Rf2 36. Qe6 Kg7 37. h3 Rxe2 38. Kh2 Bf4+ 39. Kh1 Bg3 40. Rg1 Nf3 0-1


[Site "https://www.chess.com"]

[Event "Titled Tuesday Blitz July 05 Late 2022"]
[White "Jorquera, Marcelo"]
[Black "Rios Escobar, Adan"]
[WhiteFideId "3401197"]
[BlackFideId "3403645"]
[WhiteElo "2136"]
[BlackElo "2468"]
[Result "0-1"]
[Round "10"]
[TimeControl "180+1"]
[Date "2022.07.06"]
[WhiteClock "0:00:02"]
[BlackClock "0:00:03"]

1. e4 c5 2. Nc3 d6 3. g3 g6 4. Bg2 Bg7 5. d3 Nc6 6. Be3 e6 7. Qd2 Nge7 8. Bh6 Bxh6 9. Qxh6 Nd4 10. Qd2 Bd7 11. Nce2 b5 12. c3 Ndc6 13. d4 Qc7 14. f4 O-O 15. Nf3 Rfd8 16. O-O Rab8 17. Qe3 Qb6 18. Rad1 Be8 19. Rd2 a5 20. Rfd1 b4 21. dxc5 dxc5 22. c4 Rxd2 23. Rxd2 Rd8 24. Rxd8 Nxd8 25. g4 Qd6 26. Qd2 Qxd2 27. Nxd2 a4 28. e5 Bc6 29. Bxc6 Nexc6 30. Ne4 Nb7 31. Kf2 Nca5 32. Nd2 Kf8 33. Ke3 Ke7 34. Nc1 Kd7 35. b3 a3 36. Nd3 Nc6 37. Nf3 h6 38. h4 h5 39. gxh5 gxh5 40. Nf2 Nba5 41. Nd2 Nd4 42. Kd3 Ke7 43. Nfe4 Nb7 44. Nxc5 Nxc5+ 45. Kxd4 Nb7 46. Ke4 f5+ 47. exf6+ Kxf6 48. Nf3 Nc5+ 0-1


[Site "https://www.chess.com"]

[Event "Titled Tuesday Blitz July 05 Late 2022"]
[White "Kamsky, Gata"]
[Black "Iliaguev, Nisim"]
[WhiteFideId "2000024"]
[BlackFideId "2817276"]
[WhiteElo "2645"]
[BlackElo "2107"]
[Result "0-1"]
[Round "10"]
[TimeControl "180+1"]
[Date "2022.07.05"]
[WhiteClock "0:00:02"]
[BlackClock "0:00:21"]

1. e4 c6 2. Nf3 d5 3. d3 g6 4. e5 Bg7 5. d4 c5 6. c3 Nc6 7. h3 Bf5 8. dxc5 Be4 9. Nbd2 e6 10. Bb5 Ne7 11. Nxe4 dxe4 12. Qxd8+ Rxd8 13. Ng5 a6 14. Bxc6+ Nxc6 15. Nxe4 Nxe5 16. Bg5 Rd5 17. Ke2 O-O 18. Rhd1 Nc4 19. b3 Re5 20. Kf3 Rf5+ 21. Kg3 Re5 22. f3 Nb2 23. Rd7 f5 24. Nd6 Nd3 25. Be7 Nxc5 26. Rc7 Rb8 27. Nc4 b5 28. Bd6 Rd5 29. Rxg7+ Kxg7 30. Bxb8 bxc4 31. bxc4 Rd2 32. Be5+ Kf7 33. Rb1 g5 34. h4 h6 35. h5 Nd3 36. Bd6 e5 37. c5 Nf4 38. Kh2 Ke6 39. Kh1 Nxg2 40. Bb8 Nh4 41. Rf1 g4 42. fxg4 fxg4 43. Rg1 Nf3 0-1


[Site "https://www.chess.com"]

[Event "Titled Tuesday Blitz July 05 Late 2022"]
[White "Khan, Taffin"]
[Black "Kubatko, Ivan"]
[WhiteFideId "19700024"]
[BlackFideId "24111473"]
[WhiteElo "2199"]
[BlackElo "2285"]
[Result "1-0"]
[Round "10"]
[TimeControl "180+1"]
[Date "2022.07.06"]
[WhiteClock "0:00:13"]
[BlackClock "0:00:03"]

1. e4 c5 2. Nf3 d6 3. c3 Nf6 4. Bc4 e6 5. Qe2 Be7 6. d3 O-O 7. O-O d5 8. Bb3 Nc6 9. e5 Nd7 10. d4 a5 11. a3 a4 12. Bc2 b6 13. Re1 Ba6 14. Qe3 Rc8 15. Nbd2 cxd4 16. Nxd4 Nxd4 17. Qxd4 b5 18. Qd3 g6 19. Nf3 Nc5 20. Qe3 Bb7 21. Qh6 f5 22. exf6 Rxf6 23. Ng5 Rf7 24. Nxf7 Kxf7 25. Qxh7+ Ke8 26. Bxg6+ Kd7 27. Bg5 Kd6 28. Bxe7+ Qxe7 29. Qxe7+ Kxe7 30. h4 Kf6 31. h5 e5 32. Rad1 Rd8 33. Re3 d4 34. cxd4 exd4 35. Rg3 Be4 36. Bxe4 Nxe4 37. Rgd3 Ke5 38. f3 Nc5 39. R3d2 Nb3 40. Re2+ Kd5 41. g4 Kc4 42. Rc2+ Kd5 43. g5 Rf8 44. Kf2 Rf5 45. Rg1 d3 46. Rc8 d2 47. h6 Nd4 48. h7 Rxf3+ 49. Kg2 Re3 50. h8=Q Re2+ 51. Kg3 Re3+ 52. Kg4 Re4+ 53. Kg3 Ne2+ 54. Kf2 Nxg1 55. Rd8+ Ke6 56. Qe8+ Kf5 57. Qf7+ Kg4 58. Qd7+ 1-0


[Site "https://www.chess.com"]

[Event "Titled Tuesday Blitz July 05 Late 2022"]
[White "Kosteniuk, Alexandra"]
[Black "Barria Zuniga, Daniel"]
[WhiteFideId "4128125"]
[BlackFideId "3400816"]
[WhiteElo "2469"]
[BlackElo "2414"]
[Result "1-0"]
[Round "10"]
[TimeControl "180+1"]
[Date "2022.07.05"]
[WhiteClock "0:00:59"]
[BlackClock "0:00:02"]

1. e4 c5 2. c3 d5 3. exd5 Qxd5 4. d4 Nc6 5. Nf3 Bf5 6. Be3 cxd4 7. Nxd4 Nf6 8. Na3 O-O-O 9. Qa4 Nxd4 10. cxd4 e5 11. Qxa7 Bb4+ 12. Kd1 Bxa3 13. Rc1+ Kd7 14. Qa4+ Ke6 15. Bc4 Bxb2 16. Bxd5+ Nxd5 17. Rc5 Bxd4 18. Bxd4 exd4 19. Qb3 d3 20. Re1+ Kf6 21. Rxd5 1-0


[Site "https://www.chess.com"]

[Event "Titled Tuesday Blitz July 05 Late 2022"]
[White "Kozin, Yuri"]
[Black "Todorovic, Bojan"]
[WhiteFideId "4129920"]
[BlackFideId "917087"]
[WhiteElo "2531"]
[BlackElo "2266"]
[Result "0-1"]
[Round "10"]
[TimeControl "180+1"]
[Date "2022.07.06"]
[WhiteClock "0:00:02"]
[BlackClock "0:00:01"]

1. e4 c5 2. Nf3 e6 3. d4 cxd4 4. Nxd4 a6 5. Bd3 Bc5 6. Nb3 Be7 7. Nc3 Nc6 8. f4 b5 9. Be3 Bb7 10. Qf3 d6 11. O-O-O Qc7 12. Kb1 b4 13. Na4 Nf6 14. Nb6 Rb8 15. g4 a5 16. f5 Ne5 17. Qg2 Nexg4 18. Bd4 Ne5 19. fxe6 fxe6 20. Nxa5 Nxd3 21. cxd3 e5 22. Rc1 Qd8 23. Be3 O-O 24. Rhg1 Rf7 25. Nxb7 Rxb7 26. Nc4 Kh8 27. Qf2 Qe8 28. Qc2 Rc7 29. Bg5 Nd7 30. Bxe7 Qxe7 31. Qb3 Nc5 32. Qd1 Ra7 33. Ne3 Qb7 34. Nd5 Qa6 35. Nxb4 Qb5 36. a3 Rfb7 37. Rf1 h6 38. Rf8+ Kh7 39. Qf3 Qd7 40. Qf5+ Qxf5 41. Rxf5 Nb3 42. Kc2 Nxc1 43. Kxc1 Rc7+ 44. Kd2 Rf7 45. Rh5 Rf2+ 46. Kc3 Re2 47. Rh3 Rc7+ 48. Kb3 Rb7 49. a4 Rd2 50. a5 Rd1 51. a6 Ra7 52. Kc4 Ra1 53. Kb5 Rb1 0-1


[Site "https://www.chess.com"]

[Event "Titled Tuesday Blitz July 05 Late 2022"]
[White "Kujawski, Adam"]
[Black "Wartiovaara, Oliver"]
[WhiteFideId "1100920"]
[BlackFideId "513024"]
[WhiteElo "1972"]
[BlackElo "1971"]
[Result "0-1"]
[Round "10"]
[TimeControl "180+1"]
[Date "2022.07.06"]
[WhiteClock "0:01:03"]
[BlackClock "0:00:10"]

1. Nc3 d5 2. d4 Nf6 3. Bf4 e6 4. Qd2 Bb4 5. f3 c5 6. e3 Nc6 7. a3 Bxc3 8. Qxc3 c4 9. a4 O-O 10. h4 Qb6 11. h5 h6 12. Nh3 Re8 13. Be2 Qb4 14. Qxb4 Nxb4 15. Kd2 a5 16. g4 Nd7 17. c3 Nc6 18. Bd6 f6 19. f4 Ra6 20. Ba3 Nb6 21. Bd1 Bd7 22. Bc2 e5 23. Nf2 e4 24. g5 f5 25. gxh6 gxh6 26. Rhg1+ Kh7 27. Rg6 Ne7 28. Bxe7 Rxe7 29. Rag1 Nxa4 30. Bxa4 Bxa4 31. Rxa6 bxa6 32. Ra1 Bb5 33. Rg1 Rg7 34. Rxg7+ Kxg7 35. Nh1 Be8 36. Ng3 Kf6 37. Kc2 a4 38. Kb1 a5 39. Ka2 Ke6 40. Ka3 Kf6 41. Ka2 Ke6 42. Kb1 Kf6 43. Kc1 Ke6 44. Kd2 Kf6 45. Ke1 Ke6 46. Kf2 Kf6 47. Kg2 Ke6 48. Kh3 Kf6 49. Kh4 Bd7 50. Ne2 Ke6 51. Nc1 Kd6 52. Ne2 Kc6 53. Ng3 Kb5 54. Kh3 a3 55. bxa3 Ka4 56. Kg2 Kxa3 57. Kf2 Kb2 58. Ne2 a4 59. Ng1 a3 60. Nh3 a2 61. Ng5 a1=Q 62. Nf7 Kxc3 63. Nxh6 Qh1 64. Nxf5 Bxf5 0-1


[Site "https://www.chess.com"]

[Event "Titled Tuesday Blitz July 05 Late 2022"]
[White "Ladan, Nicholas"]
[Black "Diaz Rosas, Julio Cesar"]
[WhiteFideId "30918855"]
[BlackFideId "5105099"]
[WhiteElo "2167"]
[BlackElo "2278"]
[Result "1-0"]
[Round "10"]
[TimeControl "180+1"]
[Date "2022.07.06"]
[WhiteClock "0:00:10"]
[BlackClock "0:00:01"]

1. d4 d5 2. Bf4 c5 3. e3 Nc6 4. Nf3 Nf6 5. Nbd2 Qb6 6. dxc5 Qxb2 7. Rb1 Qc3 8. Bb5 e6 9. O-O Bxc5 10. Bc7 Nd7 11. e4 O-O 12. exd5 exd5 13. Nb3 Bb6 14. Bd6 Re8 15. Qxd5 Nf6 16. Qd3 Ne4 17. Ba3 Bg4 18. Bb2 Qxd3 19. Bxd3 Bxf3 20. gxf3 Ng5 21. Kg2 Ne6 22. Bc1 Bc7 23. Be4 Rad8 24. Be3 Nf4+ 25. Bxf4 Bxf4 26. Nc5 Nd4 27. Nxb7 Rc8 28. Rfd1 Nxc2 29. Nd6 Bxd6 30. Rxd6 Na3 31. Rb7 Nc4 32. Rdd7 Ne5 33. Rdc7 Rxc7 34. Rxc7 a6 35. Ra7 g6 36. Rxa6 Rb8 37. Ra8 Rxa8 38. Bxa8 Nc4 39. a4 Kf8 40. Bd5 Na5 41. f4 Ke7 42. Kf3 f6 43. Ke4 Kd6 44. Kd4 h6 45. h4 g5 46. fxg5 fxg5 47. h5 g4 48. Ke4 Kc5 49. Ke5 Kb4 50. Kf4 Kxa4 51. Kxg4 Kb4 52. Kf5 Kc5 53. Bh1 Kd6 54. Kg6 Ke5 55. Kxh6 Kf6 56. Bd5 Ke5 57. Kg7 Kxd5 58. h6 Nc6 59. h7 1-0


[Site "https://www.chess.com"]

[Event "Titled Tuesday Blitz July 05 Late 2022"]
[White "Ladopoulos, Dimitrios"]
[Black "Sargsyan, Anna M."]
[WhiteFideId "4239580"]
[BlackFideId "13308130"]
[WhiteElo "2195"]
[BlackElo "2271"]
[Result "1-0"]
[Round "10"]
[TimeControl "180+1"]
[Date "2022.07.05"]
[WhiteClock "0:00:01"]
[BlackClock "0:00:02"]

1. Nf3 d5 2. d4 Nf6 3. c4 c6 4. e3 Bg4 5. Nc3 e6 6. h3 Bxf3 7. Qxf3 Nbd7 8. Bd3 Bb4 9. Bd2 O-O 10. O-O Re8 11. a3 Ba5 12. b4 Bc7 13. Rad1 Nf8 14. Bc1 Ng6 15. Rfe1 Nh4 16. Qe2 Qd6 17. g3 Nf5 18. Qf3 Ne7 19. Kg2 Ng6 20. h4 a5 21. h5 Nh4+ 22. gxh4 Qh2+ 23. Kf1 axb4 24. axb4 e5 25. cxd5 cxd5 26. Nxd5 Nxd5 27. Qxd5 Rad8 28. Qg2 Qxh4 29. dxe5 Bxe5 30. Be4 Bc3 31. Qf3 Bxe1 32. Rxd8 Qxd8 33. Kxe1 Qe7 34. Bd3 Qxb4+ 35. Bd2 Qb2 36. Ke2 Rd8 37. Qe4 h6 38. Qh7+ Kf8 39. Qe4 Qb6 40. Bb4+ 1-0


[Site "https://www.chess.com"]

[Event "Titled Tuesday Blitz July 05 Late 2022"]
[White "Martin Carmona, Gaston Manuel"]
[Black "Averjanov, Alexey"]
[WhiteFideId "22284567"]
[BlackFideId "14109867"]
[WhiteElo "2162"]
[BlackElo "2689"]
[Result "0-1"]
[Round "10"]
[TimeControl "180+1"]
[Date "2022.07.05"]
[WhiteClock "0:00:38"]
[BlackClock "0:00:38"]

1. e4 c6 2. d3 d5 3. Nd2 e5 4. Ngf3 Bd6 5. Qe2 Nf6 6. exd5 cxd5 7. Nxe5 O-O 8. d4 Nc6 9. Ndf3 Re8 10. Bf4 Bg4 11. O-O-O Qa5 12. Kb1 Rac8 13. Qb5 Qc7 14. Qb3 Bxf3 15. gxf3 Nxe5 16. dxe5 Bxe5 17. Bxe5 Qxe5 18. Bd3 Qf4 19. Qxb7 Qxf3 20. Qxa7 g6 21. Qd4 Kg7 22. h4 h5 23. Rhg1 Re6 24. a4 Kh7 25. Rde1 Ne4 26. a5 Rce8 27. Re2 Qf4 28. Qe3 Nc3+ 29. bxc3 Rxe3 30. fxe3 Rxe3 31. Rxe3 Qxe3 32. Rf1 f5 33. a6 Kh6 34. Kb2 f4 35. Ra1 Qb6+ 36. Kc1 Qa7 37. Kd2 Qe3+ 38. Kd1 Qg1+ 0-1


[Site "https://www.chess.com"]

[Event "Titled Tuesday Blitz July 05 Late 2022"]
[White "Melikyan, Gnel"]
[Black "Eljanov, Pavel"]
[WhiteFideId "54109990"]
[BlackFideId "14102951"]
[WhiteElo "1772"]
[BlackElo "2601"]
[Result "0-1"]
[Round "10"]
[TimeControl "180+1"]
[Date "2022.07.05"]
[WhiteClock "0:00:24"]
[BlackClock "0:00:37"]

1. e4 c6 2. d4 d5 3. f3 e6 4. Nc3 Bb4 5. Bf4 Nf6 6. Qd3 b6 7. Ne2 Ba6 8. Qe3 O-O 9. O-O-O Nbd7 10. g4 dxe4 11. fxe4 Qe7 12. Bg2 e5 13. dxe5 Nxe5 14. h3 Nc4 15. Qg3 Ba3 16. Kb1 Bxb2 17. Bd6 Nxd6 18. Qxd6 Qxd6 19. Rxd6 Ba3 20. Rxc6 Nd7 21. e5 Bb7 22. Be4 Bxc6 23. Bxc6 Rad8 24. e6 fxe6 25. Nd4 Ne5 26. Ncb5 a6 27. Nxe6 axb5 28. Nxd8 Rxd8 29. Bxb5 Rd5 30. Ba4 Rd4 31. Bb3+ Kf8 32. Re1 Nc4 33. c3 Rf4 34. Kc2 Bc5 35. Kd3 Nd6 36. Bd5 g6 37. Bg2 Rf2 38. Bd5 Rh2 39. Rh1 Rxh1 40. Bxh1 Ke7 41. a4 Kf6 42. h4 Ke5 43. Bc6 Kf4 44. Bd7 Nf7 0-1


[Site "https://www.chess.com"]

[Event "Titled Tuesday Blitz July 05 Late 2022"]
[White "Mikhalsky, Vladimir"]
[Black "Souleidis, Georgios"]
[WhiteFideId "14144352"]
[BlackFideId "4206827"]
[WhiteElo "2301"]
[BlackElo "2401"]
[Result "1-0"]
[Round "10"]
[TimeControl "180+1"]
[Date "2022.07.06"]
[WhiteClock "0:00:15"]
[BlackClock "0:00:05"]

1. c4 e5 2. Nc3 Nc6 3. g3 Bc5 4. Bg2 a6 5. e3 d6 6. Nge2 Ba7 7. O-O h5 8. d4 h4 9. Bxc6+ bxc6 10. dxe5 hxg3 11. hxg3 Qg5 12. Kg2 Bh3+ 13. Kg1 Bg4 14. f4 Qh5 15. Kf2 dxe5 16. Ke1 exf4 17. gxf4 Qh4+ 18. Rf2 Nf6 19. Qa4 O-O 20. Qxc6 Rae8 21. c5 Bd7 22. Qxc7 Bb8 23. Qb7 Ng4 24. Qf3 Bc6 25. e4 Nxf2 26. Qxf2 Qh1+ 27. Qf1 Qh4+ 28. Qf2 Qh1+ 29. Qf1 Bxe4 30. Qxh1 Bxh1 31. Kf2 Bc6 32. Nd4 Ba8 33. Be3 Rc8 34. b4 Rfe8 35. a3 Rcd8 36. Rd1 Re7 37. Nf5 Ree8 38. Ne7+ Kf8 39. Ned5 Bxd5 40. Nxd5 Rc8 41. Nb6 Rcd8 42. Nd7+ Ke7 43. c6 Bc7 44. Bc5+ Ke6 45. Re1+ Kf5 46. Rg1 Bxf4 47. Rxg7 Rc8 48. Rxf7+ Ke4 49. Nf6+ Kf5 50. Nxe8+ Ke6 51. Rxf4 Rxe8 52. Re4+ 1-0


[Site "https://www.chess.com"]

[Event "Titled Tuesday Blitz July 05 Late 2022"]
[White "Nazaretyan, Tigran"]
[Black "Boder, Jan"]
[WhiteFideId "24162345"]
[BlackFideId "16243226"]
[WhiteElo "2179"]
[BlackElo "2064"]
[Result "1-0"]
[Round "10"]
[TimeControl "180+1"]
[Date "2022.07.06"]
[WhiteClock "0:00:51"]
[BlackClock "0:00:14"]

1. d4 Nf6 2. c4 c5 3. d5 b5 4. cxb5 a6 5. e3 axb5 6. Bxb5 Bb7 7. Nc3 Qa5 8. Bd2 e6 9. a4 Qb6 10. e4 Bd6 11. Nf3 Bc7 12. Bg5 Na6 13. Bxf6 gxf6 14. dxe6 fxe6 15. Qxd7+ Kf8 16. a5 Qd6 17. Rd1 Qxd7 18. Rxd7 Bc8 19. Rd2 Bxa5 20. O-O Rb8 21. Bxa6 Bxa6 22. Ra1 Bxc3 23. bxc3 Ke7 24. h4 Rb6 25. e5 Rhb8 26. Rd6 Rb1+ 27. Rxb1 Rxb1+ 28. Kh2 Bb5 29. Rb6 fxe5 30. c4 e4 31. Ng5 Rb4 32. cxb5 h6 33. Nxe6 c4 34. Nd4 c3 35. Nc6+ Kd7 36. Nxb4 Kc7 37. Rc6+ Kb7 38. Nd5 e3 1-0


[Site "https://www.chess.com"]

[Event "Titled Tuesday Blitz July 05 Late 2022"]
[White "Nguyen, Quoc Hy"]
[Black "Sanchez Alvares, Kelvin Antonio"]
[WhiteFideId "12410853"]
[BlackFideId "3906680"]
[WhiteElo "1938"]
[BlackElo "2193"]
[Result "0-1"]
[Round "10"]
[TimeControl "180+1"]
[Date "2022.07.06"]
[WhiteClock "0:00:40"]
[BlackClock "0:00:20"]

1. e4 e5 2. Nf3 Nc6 3. Bb5 a6 4. Bxc6 dxc6 5. O-O Bg4 6. h3 h5 7. d3 Qf6 8. Nbd2 Ne7 9. Re1 Bxf3 10. Qxf3 Qxf3 11. Nxf3 Ng6 12. d4 exd4 13. Nxd4 O-O-O 14. Nf5 Ne7 15. Bg5 f6 16. Nxe7+ Bxe7 17. Be3 g5 18. f4 gxf4 19. Bxf4 Rdg8 20. Rf1 Rg6 21. Rad1 Rhg8 22. Rd2 Bd6 23. Bxd6 cxd6 24. Rf5 Re8 25. Rxd6 Rxe4 26. Rdxf6 Rxf6 27. Rxf6 Re2 28. Rf2 Re1+ 29. Kh2 Kd7 30. Rf5 Re2 31. Rxh5 Rxc2 32. Rg5 Rxb2 33. h4 Rb5 34. Rg8 Ke7 35. g4 Kf7 36. Rb8 c5 37. h5 c4 38. Rc8 Kf6 39. Rxc4 Kg5 40. Kg3 Ra5 41. a4 Rd5 42. Rc3 b6 43. Rb3 Rd4 44. h6 Rxg4+ 45. Kh2 Rh4+ 46. Kg3 Rxh6 47. Kf3 Rh3+ 0-1


[Site "https://www.chess.com"]

[Event "Titled Tuesday Blitz July 05 Late 2022"]
[White "Noboa Silva, Kevin"]
[Black "Jaskolka, Tomasz"]
[WhiteFideId "3618471"]
[BlackFideId "1170791"]
[WhiteElo "2172"]
[BlackElo "2073"]
[Result "0-1"]
[Round "10"]
[TimeControl "180+1"]
[Date "2022.07.06"]
[WhiteClock "0:00:11"]
[BlackClock "0:00:21"]

1. e4 c5 2. c3 Nf6 3. e5 Nd5 4. d4 cxd4 5. cxd4 e6 6. Bc4 d6 7. Nf3 Be7 8. Qe2 O-O 9. O-O b6 10. Rd1 Bb7 11. Bxd5 exd5 12. Nc3 Nd7 13. Bf4 dxe5 14. dxe5 Nc5 15. Nd4 Ne6 16. Be3 Bc5 17. Rd2 Qh4 18. Rad1 g6 19. Nf3 Qh5 20. Nxd5 Kh8 21. Bxc5 bxc5 22. h3 Bxd5 23. Rxd5 Nf4 24. Qe3 Nxd5 25. Rxd5 Rad8 26. Rxc5 Qf5 27. Qc3 Rd1+ 28. Kh2 Rd3 29. Qc1 Rfd8 30. Qh6 Rxf3 31. gxf3 Qxf3 32. Qh4 Rd2 33. Rc8+ Kg7 34. Qf6+ Qxf6 35. exf6+ Kxf6 36. Rb8 Rxf2+ 37. Kg3 Rf5 38. Rb7 Ra5 39. a3 h5 40. h4 Ra4 41. Kf3 a5 42. Rb5 Kg7 43. Kg3 f6 44. Rb6 Rg4+ 45. Kh3 a4 46. b4 axb3 47. Rxb3 Ra4 48. Kg3 g5 49. hxg5 fxg5 50. Kh3 Kg6 51. Kg3 h4+ 52. Kh3 Kh5 53. Kh2 Kg4 54. Rb4+ Rxb4 55. axb4 Kf4 56. b5 Ke5 57. b6 Kd6 58. Kh3 Kc6 59. Kg4 Kxb6 60. Kh5 h3 61. Kxg5 h2 62. Kg4 h1=Q 0-1


[Site "https://www.chess.com"]

[Event "Titled Tuesday Blitz July 05 Late 2022"]
[White "Novikova, Galina"]
[Black "Weisz, Bryan"]
[WhiteFideId "4157095"]
[BlackFideId "30934133"]
[WhiteElo "1863"]
[BlackElo "2271"]
[Result "1/2-1/2"]
[Round "10"]
[TimeControl "180+1"]
[Date "2022.07.06"]
[WhiteClock "0:00:21"]
[BlackClock "0:00:16"]

1. e4 c5 2. Nf3 d6 3. d4 cxd4 4. Nxd4 Nf6 5. Nc3 a6 6. h3 e5 7. Nde2 h5 8. g3 Be7 9. Bg2 O-O 10. Be3 Be6 11. O-O b5 12. f4 Nbd7 13. b3 Nb6 14. f5 Bc8 15. Bf3 Bb7 16. g4 hxg4 17. hxg4 d5 18. g5 Nxe4 19. Bxe4 dxe4 20. f6 Qxd1 21. Raxd1 Bd8 22. Rxd8 Rfxd8 23. Bxb6 Rd2 24. Ng3 Rxc2 25. Ngxe4 Bxe4 26. Nxe4 Rxa2 27. fxg7 Kxg7 28. Nd6 Rf8 29. Bc5 Rh8 30. Bf2 Rb2 31. Bg3 Kg6 32. Bxe5 Rd8 33. Bxb2 Rxd6 34. Rf6+ Rxf6 35. Bxf6 a5 36. Kf2 a4 37. bxa4 bxa4 38. Kf3 Kf5 39. Kg3 a3 40. Kh4 a2 41. Kh5 Ke6 42. Kh6 Kf5 43. Kh5 Kf4 44. Ba1 Kf5 45. Kh6 Kf4 46. Bb2 Kf5 47. Bf6 Kf4 48. Kh5 Kf5 49. Kh4 Kf4 50. Kh3 a1=Q 51. Bxa1 Kxg5 52. Kg3 f5 53. Kf2 f4 54. Kf3 Kf5 55. Bb2 Kg5 56. Bc1 Kh4 57. Bxf4 1/2-1/2


[Site "https://www.chess.com"]

[Event "Titled Tuesday Blitz July 05 Late 2022"]
[White "Omariev, Maksim"]
[Black "Gong, Patrick"]
[WhiteFideId "4193423"]
[BlackFideId "3222500"]
[WhiteElo "2465"]
[BlackElo "2103"]
[Result "0-1"]
[Round "10"]
[TimeControl "180+1"]
[Date "2022.07.05"]
[WhiteClock "0:00:27"]
[BlackClock "0:01:55"]

1. e4 c6 2. Nc3 d5 3. Nf3 Bg4 4. h3 Bxf3 5. Qxf3 e6 6. d3 Nd7 7. Bd2 Bd6 8. g4 Ne7 9. d4 b5 10. e5 Bc7 11. Bd3 a6 12. Ne2 c5 13. c3 Nc6 14. a3 Bb6 15. Be3 Ndxe5 16. dxe5 Nxe5 17. Bxb5+ axb5 18. Qg3 Nd3+ 19. Kf1 Nxb2 20. Kg2 Nc4 21. Rhb1 Qd7 22. a4 bxa4 23. Rxb6 Nxb6 24. Bxc5 Nc4 25. Nd4 a3 26. Rb1 Rc8 0-1


[Site "https://www.chess.com"]

[Event "Titled Tuesday Blitz July 05 Late 2022"]
[White "Oparin, Grigoriy"]
[Black "Zhigalko, Sergei"]
[WhiteFideId "24125890"]
[BlackFideId "13502956"]
[WhiteElo "2639"]
[BlackElo "2662"]
[Result "0-1"]
[Round "10"]
[TimeControl "180+1"]
[Date "2022.07.05"]
[WhiteClock "0:00:03"]
[BlackClock "0:00:05"]

1. d4 Nf6 2. c4 e6 3. Nf3 b6 4. g3 Ba6 5. b3 Bb4+ 6. Bd2 Be7 7. Bg2 c6 8. Bc3 d5 9. Ne5 Nfd7 10. Nd3 dxc4 11. Nb4 cxb3 12. Nxa6 b2 13. Bxb2 Nxa6 14. O-O Nb4 15. a3 Nd5 16. e4 N5f6 17. Nc3 O-O 18. Qe2 Re8 19. Rad1 b5 20. g4 Nb6 21. g5 Nfd7 22. h4 Nc4 23. Ba1 Bxa3 24. Rd3 a5 25. h5 Qxg5 26. Rg3 Qd2 27. Qg4 Qh6 28. e5 Rac8 29. Ne4 Be7 30. f4 b4 31. Qe2 Ncb6 32. Bb2 f5 33. exf6 Bxf6 34. Bc1 Bxd4+ 35. Kh1 Nd5 36. f5 Be3 37. Rxe3 exf5 38. Nf6+ N7xf6 39. Rxe8+ Rxe8 40. Qxe8+ Nxe8 41. Bxh6 gxh6 42. Rxf5 Nec7 43. Rf3 a4 44. Rg3+ Kf7 45. Bf1 b3 46. Bc4 b2 47. Ba2 Nb5 48. Rg2 a3 49. Rc2 Ke7 50. Rxc6 Ndc3 0-1


[Site "https://www.chess.com"]

[Event "Titled Tuesday Blitz July 05 Late 2022"]
[White "Pakleza, Zbigniew"]
[Black "Shuvalova, Polina"]
[WhiteFideId "1119290"]
[BlackFideId "24171760"]
[WhiteElo "2467"]
[BlackElo "2330"]
[Result "1-0"]
[Round "10"]
[TimeControl "180+1"]
[Date "2022.07.05"]
[WhiteClock "0:00:16"]
[BlackClock "0:01:58"]

1. d4 Nf6 2. Nf3 d5 3. Bf4 e6 4. e3 Bd6 5. Bg3 O-O 6. Nbd2 b6 7. Ne5 c5 8. c3 Qc7 9. f4 Ba6 10. Bxa6 Nxa6 11. O-O Rac8 12. Qf3 Nd7 13. Rad1 Nab8 14. h3 a5 15. a4 Rfe8 16. Kh1 f6 17. Ng4 Nc6 18. Bh2 Ne7 19. Rfe1 Nf5 20. e4 dxe4 21. Nxe4 cxd4 22. cxd4 Bb4 23. Re2 Qc6 24. b3 Kh8 25. Bg1 Qd5 26. Ne3 Nxe3 27. Qxe3 Rc6 28. Qf2 Nf8 29. Ng3 f5 30. Nf1 Qd7 31. d5 Rd6 32. dxe6 Rexe6 33. Rxd6 Rxd6 34. Ne3 Ng6 35. Qf3 h6 36. Nc4 Rd1 37. Kh2 Qc7 38. Re8+ Kh7 39. Qxd1 Nxf4 40. g3 Nh5 41. Qxh5 Qd7 42. Qe2 1-0


[Site "https://www.chess.com"]